 Dungeon Crawl Stone Soup version 0.29.0-4-gdea44cf6ec (webtiles) character file.

Game seed: 13653000221687063855

4 qw the Sneak (level 1, 0/14 HPs)
             Began as a Gargoyle Delver on Sept 10, 2022.
             Slain by a scorpion (1 damage)
             ... on level 5 of the Dungeon.
             The game lasted 00:00:01 (68 turns).

qw the Sneak (Gargoyle Delver)                        Turns: 68, Time: 00:00:02

Health: 0/14       AC:  5    Str: 15    XL:     1   Next: 60%
Magic:  1/1        EV: 11    Int: 10    God:
Gold:   11         SH:  0    Dex: 11    Spells: 0/0 levels left

rFire   . . .      SeeInvis .   a - +0 hand axe
rCold   . . .      Faith    .   (no shield)
rNeg    + . .      Spirit   .   b - +0 leather armour
rPois   inf        Reflect  .   (no helmet)
rElec   +          Harm     .   (no cloak)
rCorr   .          Rampage  .   (no gloves)
Will    .....                   (no boots)
Stlth   +++.......              (no amulet)
HPRegen 0.04/turn               (no ring)
MPRegen 0.07/turn               (no ring)

@: no status effects
A: sickness immunity, AC +2, negative energy resistance 1, electricity
resistance, torment resistance 1, petrification resistance
a: no special abilities


You were on level 5 of the Dungeon.
You visited 1 branch of the dungeon, and saw 1 of its levels.

You collected 11 gold pieces.


Innate Abilities, Weirdness & Mutations

You are immune to sickness and miasma.
Your stone body is resilient. (AC +2)
You are immune to poison.
You resist negative energy. (rN+)
You are resistant to electric shocks. (rElec)
You are resistant to unholy torment.
You are immune to petrification.


   Skills:
 - Level 3.2 Fighting
 + Level 2.1 Axes
 - Level 1.5 Dodging
 - Level 5.4 Stealth


You couldn't memorise any spells.
You didn't know any spells.
Your spell library was empty.

Inventory:

Hand Weapons
 a - a +0 hand axe (weapon)
Armour
 b - a +0 leather armour (worn)
 j - a +0 ring mail
Wands
 g - a wand of digging (3)
Scrolls
 c - a scroll of fog
 d - a scroll of magic mapping
 e - a scroll of fear
Potions
 f - a potion of haste
 i - a potion of heal wounds {unknown}
 k - a potion of degeneration {unknown}
 l - 2 potions of brilliance {unknown}

Dungeon Overview and Level Annotations

Branches:
Dungeon (5/15)
 Temple: D:4-7

Altars:


Message History

You kill the orc!
You hit the orc but do no damage. The orc barely misses you.
Your Axes skill increases to level 2!
You barely miss the orc. The orc barely misses you.
You closely miss the orc. You hit the orc but do no damage.
The orc closely misses you. The orc barely misses you.
You completely miss the scorpion. You hit the orc. You barely miss the orc.
The scorpion completely misses you. The orc hits you with a +0 club.
The orc hits you but does no damage.
The scorpion stings you but does no damage.
An adder comes into view.
The orc hits you but does no damage. The orc barely misses you.
You barely miss the orc.
The orc is moderately wounded.
The adder hisses angrily.
You hit the scorpion but do no damage. You hit the orc.
The scorpion barely misses you. The orc hits you with a +0 club.
The orc barely misses you.
You hit the orc.
The orc is heavily wounded.
You hit the scorpion but do no damage. You hit the orc but do no damage.
The scorpion stings you. The orc barely misses you.
The orc completely misses you.
The scorpion stings you but does no damage.
You hit the orc.
The orc is severely wounded.
You closely miss the scorpion. You hit the orc.
The orc hits you but does no damage. x2; The scorpion barely misses you.
You hit the orc.
You kill the orc!
You hit the orc but do no damage. You hit the scorpion.
The scorpion barely misses you. The orc hits you with a +0 club.
The scorpion stings you.
You hit the orc.
You kill the orc!
You hit the scorpion but do no damage. You closely miss the adder.
The adder bites you but does no damage. The scorpion stings you.
You die...

....((..# ........#
..#...........## .
#.#............# ...
#.......##.....###...
#.......##...........
#...........)s.....$.
#...........)@.......
+...........S.............
#..........................#
...........................+ .
.....##...##...............##.
.... #...###.................
... #...# #.................
.. #...# #................. .
#...# #.....>..........#


You could see a scorpion and an adder.

Vanquished Creatures
  3 orcs (D:5)
3 creatures vanquished.

Notes
Turn   | Place    | Note
-------+----------+-------------------------------------------
     0 | D:5      | qw the Gargoyle Delver began the quest for the Orb.
     0 | D:5      | Reached XP level 1. HP: 14/14 MP: 1/1
     0 | D:5      | 0 ||| qw: Version: 0.1-a-116-g5d60599
     0 | D:5      | 0 ||| qw: Game counter: 7940
     0 | D:5      | 0 ||| qw: Always use a shield: true
     0 | D:5      | 0 ||| qw: God list: Okawaru
     0 | D:5      | 0 ||| qw: Allow faded altars: false
     0 | D:5      | 0 ||| qw: Do Orc after D:15 true
     0 | D:5      | 0 ||| qw: Do second Lair branch before Depths: true
     0 | D:5      | 0 ||| qw: Lair rune preference: random
     0 | D:5      | 0 ||| qw: Plans: Normal
     0 | D:5      | 0 ||| PLANNING D:1-11
    58 | D:5      | Noticed a scorpion
    67 | D:5      | HP: 3/14 [orc/+0 club (1)]
    67 | D:5      | HP: 1/14 [scorpion (2)]
    68 | D:5      | Slain by a scorpion

Levels and vault maps discovered:
D:5:      layout_basic, minmay_curled_crystal, uniq_duvessa

Skill      XL: |  1 |
---------------+----+-----
Axes           | 2 |  2.1
Fighting       | |  3.2
Dodging        | |  1.5
Stealth        | |  5.4

Action                   || total
-------------------------++-------
Melee: Hand axe          ||    10
Throw: Javelin           ||     4
Armor: Leather armour    ||     8
Dodge: Dodged            ||    12

Table legend:
 A = Non-vault XP
 B = Vault XP
 C = Vault XP percentage of total XP
 D = Non-vault monster count
 E = Vault monster count
 F = Vault count percentage of total count
                 A         B        C        D         E       F
            +---------+---------+-------+---------+---------+-------
      Total |       9 |       0 |   0.0 |       3 |       0 |   0.0
            +---------+---------+-------+---------+---------+-------
        D:5 |       9 |       0 |   0.0 |       3 |       0 |   0.0
            +---------+---------+-------+---------+---------+-------
